HSSL
BISHOP AMAT HS @ MASCONOMET HS CHIEFTANS
05/11/2023
 
TOP OF THE 1ST
Bishop Amat HS batting - Pitching for Masconomet HS Chieftans : RHP Eric Wilson
Pitching: RHP Eric Wilson
Batting: RHB Will David 0-0: Ball
1-0: Ball
2-0: Foul Ball, location: 2F
2-1: Swinging Strike
2-2: Ground out 6-3 (Groundball, 6)
Batting: RHB Bartolo Reyes 0-0: Ball
1-0: Swinging Strike
1-1: Ball
2-1: SINGLE (Line Drive, 89S)
Batting: RHB Ryan Parrish 0-0: Ball
1-0: Called Strike
1-1: Swinging Strike
1-2: Strikes out swinging
Batting: LHB Edmund Stone 0-0: Ball
Bartolo Reyes steals 2nd base
1-0: Ball
2-0: Ground out 1-3 (Groundball, 13)
Top of the 1st over - 0 run(s), 1 hit(s), 0 error(s), 1 left on base; Bishop Amat HS 0 - Masconomet HS 0
BOTTOM OF THE 1ST
Masconomet HS Chieftans batting - Pitching for Bishop Amat HS : RHP Steve Olsen
Pitching: RHP Steve Olsen
Batting: RHB Juan Ortega 0-0: Ball
1-0: Ball
2-0: Ball
3-0: Called Strike
3-1: Base on Balls
Batting: LHB Juan Carlos Manuel 0-0: Called Strike
0-1: SINGLE (Groundball, 4D)
Juan Ortega to second
Runner from 2nd tries for 3rd, SAFE, throw made to third
Batting: RHB Stephen Concepción 0-0: Ball
1-0: Ball
2-0: Ball
3-0: Base on Balls
Juan Carlos Manuel to second
Batting: RHB Carlos Huerta 0-0: Foul Ball, location: 2F
0-1: Fly out, F8 (Flyball, 8LM)
Runner from 3rd tags up, SCORES, throw made
Batting: LHB Aaron Atkins 0-0: Called Strike
0-1: Ball
1-1: Ball
2-1: Swinging Strike
2-2: Strikes out swinging
Batting: RHB Brian Jackson 0-0: Fly out, F7 (Flyball, 7M)
Bottom of the 1st over - 1 run(s), 1 hit(s), 0 error(s), 2 left on base; Bishop Amat HS 0 - Masconomet HS 1
TOP OF THE 2ND
Bishop Amat HS batting - Pitching for Masconomet HS Chieftans : RHP Eric Wilson
Batting: RHB Jim Norris 0-0: Ball
1-0: Fly out, F9 (Flyball, 9D)
Batting: SHB Jimmy Wilson 0-0: Ball
1-0: Ball
2-0: Called Strike
2-1: Called Strike
2-2: Strikes out swinging
Batting: RHB Javier Castillo 0-0: Foul Ball, location: 2F
0-1: Ground out 1-3 (Groundball, 13S)
Top of the 2nd over - 0 run(s), 0 hit(s), 0 error(s), 0 left on base; Bishop Amat HS 0 - Masconomet HS 1
BOTTOM OF THE 2ND
Masconomet HS Chieftans batting - Pitching for Bishop Amat HS : RHP Steve Olsen
Batting: SHB Tomás Sánchez 0-0: Foul Ball, location: 2F
0-1: Foul Ball, location: 2F
0-2: Ball
1-2: Foul Ball, location: 2F
1-2: Ball
2-2: Ball
3-2: Base on Balls
Batting: SHB Rod Good 0-0: Swinging Strike
0-1: Fly out, F9 (Flyball, 89S)
Batting: LHB Carlos Lacarra 0-0: Called Strike
0-1: Ball
1-1: Swinging Strike
1-2: Foul Ball, location: 2F
1-2: Fly out, F9 (Flyball, 9M)
1-2: Fly out, F9 (Flyball, 9M)
Batting: RHB Juan Ortega 0-0: Called Strike
0-1: Fly out, F7 (Line Drive, 78M)
Bottom of the 2nd over - 0 run(s), 0 hit(s), 0 error(s), 1 left on base; Bishop Amat HS 0 - Masconomet HS 1
TOP OF THE 3RD
Bishop Amat HS batting - Pitching for Masconomet HS Chieftans : RHP Eric Wilson
Batting: SHB Leonardo González 0-0: Called Strike
0-1: Ball
1-1: Ball
2-1: Foul Ball, location: 2F
2-2: Foul Ball, location: 2F
2-2: Fly out, F6 (Popup, 6M)
Batting: RHB Elwood López 0-0: Ball
1-0: Called Strike
1-1: SINGLE (Groundball, 6M)
Batting: RHB Will David 0-0: Fielders Choice at 2nd, 2-6 (Groundball, 2R)
Batting: RHB Bartolo Reyes 0-0: SINGLE (Line Drive, 4D)
Will David to second
Runner from 2nd tries for 3rd, SAFE, throw made to third
Batting: RHB Ryan Parrish 0-0: Ball
1-0: Foul Ball, location: 2F
1-1: Ball
2-1: Ground out 6-3 (Groundball, 56)
Top of the 3rd over - 0 run(s), 2 hit(s), 0 error(s), 2 left on base; Bishop Amat HS 0 - Masconomet HS 1
BOTTOM OF THE 3RD
Masconomet HS Chieftans batting - Pitching for Bishop Amat HS : RHP Steve Olsen
Batting: LHB Juan Carlos Manuel 0-0: Fly out, F7 (Flyball, 78M)
Batting: RHB Stephen Concepción 0-0: Called Strike
0-1: Ball
1-1: Swinging Strike
1-2: Ball
2-2: SINGLE (Line Drive, 78S)
Batting: RHB Carlos Huerta 0-0: Swinging Strike
0-1: Ball
1-1: Ball
2-1: Foul Ball, location: 2F
2-2: Ball
3-2: Fly out, F8 (Flyball, 8RM)
3-2: Fly out, F8 (Flyball, 8RM)
Batting: LHB Aaron Atkins 0-0: Ball
1-0: Swinging Strike
1-1: Ball
2-1: Foul Ball, location: 2F
2-2: Fielders Choice at 2nd, U6 (Groundball, 6M)
Bottom of the 3rd over - 0 run(s), 1 hit(s), 0 error(s), 1 left on base; Bishop Amat HS 0 - Masconomet HS 1
TOP OF THE 4TH
Bishop Amat HS batting - Pitching for Masconomet HS Chieftans : RHP Eric Wilson
Batting: LHB Edmund Stone 0-0: Ground out 1-3 (Groundball, 15)
Batting: RHB Jim Norris 0-0: Foul Ball, location: 2F
0-1: Swinging Strike
0-2: Ball
1-2: Ball
2-2: Ball
3-2: Strikes out swinging
Batting: SHB Jimmy Wilson 0-0: Ball
1-0: DOUBLE (Line Drive, 9LS)
Batting: RHB Javier Castillo 0-0: Foul Ball, location: 2F
0-1: Reached on error, E2 (Groundball, 2L)
Jimmy Wilson to third
Batting: SHB Leonardo González 0-0: Called Strike
0-1: Swinging Strike
0-2: Strikes out swinging
Top of the 4th over - 0 run(s), 1 hit(s), 1 error(s), 2 left on base; Bishop Amat HS 0 - Masconomet HS 1
BOTTOM OF THE 4TH
Masconomet HS Chieftans batting - Pitching for Bishop Amat HS : RHP Steve Olsen
Batting: RHB Brian Jackson 0-0: Ground out 5-3 (Groundball, 5)
Batting: SHB Tomás Sánchez 0-0: Ball
1-0: Ball
2-0: Called Strike
2-1: Ground out 5-3 (Groundball, 56)
Batting: SHB Rod Good 0-0: SINGLE (Line Drive, 34D)
Batting: LHB Carlos Lacarra 0-0: Ball
1-0: Ball
2-0: SINGLE (Groundball, 3D)
Rod Good to second
Runner from 2nd tries for 3rd, SAFE, no throw or cutoff
Batting: RHB Juan Ortega 0-0: Fly out, F8 (Flyball, 8RS)
Bottom of the 4th over - 0 run(s), 2 hit(s), 0 error(s), 2 left on base; Bishop Amat HS 0 - Masconomet HS 1
TOP OF THE 5TH
Bishop Amat HS batting - Pitching for Masconomet HS Chieftans : RHP Eric Wilson
Batting: RHB Elwood López 0-0: Ball
1-0: Ball
2-0: Ball
3-0: Base on Balls
Batting: RHB Will David 0-0: Called Strike
0-1: Foul Ball, location: 2F
0-2: Ball
1-2: Strikes out swinging
Batting: RHB Bartolo Reyes 0-0: Ball
1-0: Foul Ball, location: 2F
1-1: Ball
Wild Pitch!
Elwood López to second
2-1: Ground out 5-3 (Groundball, 5S)
Elwood López to third
Batting: RHB Ryan Parrish 0-0: Called Strike
0-1: Foul Ball, location: 2F
0-2: Strikes out swinging
Top of the 5th over - 0 run(s), 0 hit(s), 0 error(s), 1 left on base; Bishop Amat HS 0 - Masconomet HS 1
BOTTOM OF THE 5TH
Masconomet HS Chieftans batting - Pitching for Bishop Amat HS : RHP Steve Olsen
Batting: LHB Juan Carlos Manuel 0-0: Ball
1-0: Ball
2-0: Ball
3-0: Called Strike
3-1: Foul Ball, location: 2F
3-2: Foul Ball, location: 2F
3-2: Base on Balls
Batting: RHB Stephen Concepción 0-0: Called Strike
0-1: Ground out 5-3 (Groundball, 5S)
Juan Carlos Manuel to second
Batting: RHB Carlos Huerta 0-0: Ball
1-0: Swinging Strike
1-1: Ball
2-1: Ground out 4-3 (Groundball, 4)
Juan Carlos Manuel to third
Batting: LHB Aaron Atkins 0-0: Ball
1-0: Ball
2-0: Swinging Strike
2-1: Foul Ball, location: 2F
2-2: Foul Ball, location: 2F
2-2: Ball
Balk!
Juan Carlos Manuel scores
3-2: Base on Balls
Pitching: RHP John Rutherford
Batting: RHB Brian Jackson 0-0: Called Strike
0-1: Called Strike
0-2: Ball
1-2: Ball
2-2: Strikes out looking
Bottom of the 5th over - 1 run(s), 0 hit(s), 0 error(s), 1 left on base; Bishop Amat HS 0 - Masconomet HS 2
TOP OF THE 6TH
Bishop Amat HS batting - Pitching for Masconomet HS Chieftans : RHP Eric Wilson
Batting: LHB Edmund Stone 0-0: Ball
1-0: Swinging Strike
1-1: Swinging Strike
1-2: Strikes out swinging
Batting: RHB Jim Norris 0-0: Ball
1-0: Ball
2-0: Ball
3-0: Base on Balls
Batting: SHB Jimmy Wilson 0-0: Swinging Strike
0-1: Foul Ball, location: 2F
0-2: Strikes out swinging
Pitching: LHP Clarence Gill
Batting: RHB Javier Castillo 0-0: DOUBLE (Line Drive, 78M)
Jim Norris to third
Batting: SHB Leonardo González 0-0: Ball
1-0: Ball
2-0: Fly out, F4 (Line Drive, 4M)
Top of the 6th over - 0 run(s), 1 hit(s), 0 error(s), 2 left on base; Bishop Amat HS 0 - Masconomet HS 2
BOTTOM OF THE 6TH
Masconomet HS Chieftans batting - Pitching for Bishop Amat HS : RHP John Rutherford
Batting: SHB Tomás Sánchez 0-0: Ball
1-0: Ball
2-0: Swinging Strike
2-1: SINGLE (Groundball, 5D)
Batting: SHB Rod Good 0-0: Called Strike
0-1: Fielders Choice at 2nd, 3-6 (Groundball, 3)
Batting: LHB Carlos Lacarra 0-0: Foul Ball, location: 2F
0-1: Ball
1-1: Called Strike
1-2: Foul Ball, location: 2F
1-2: Ball
2-2: Strikes out swinging
Batting: RHB Juan Ortega 0-0: Ball
1-0: Fly out, F9 (Flyball, 89XD)
Bottom of the 6th over - 0 run(s), 1 hit(s), 0 error(s), 1 left on base; Bishop Amat HS 0 - Masconomet HS 2
TOP OF THE 7TH
Bishop Amat HS batting - Pitching for Masconomet HS Chieftans : LHP Clarence Gill
Batting: RHB Elwood López 0-0: Ball
1-0: Swinging Strike
1-1: Swinging Strike
1-2: Ball
2-2: Strikes out swinging
Batting: RHB Will David 0-0: Called Strike
0-1: Called Strike
0-2: Strikes out swinging
Batting: RHB Bartolo Reyes 0-0: Called Strike
0-1: Ball
1-1: Swinging Strike
1-2: Foul Ball, location: 2F
1-2: Strikes out swinging
Top of the 7th over - 0 run(s), 0 hit(s), 0 error(s), 0 left on base; Bishop Amat HS 0 - Masconomet HS 2
BOTTOM OF THE 7TH
Masconomet HS Chieftans batting - Pitching for Bishop Amat HS : RHP John Rutherford
Batting: LHB Juan Carlos Manuel 0-0: Swinging Strike
0-1: Called Strike
0-2: Ball
1-2: Strikes out swinging
Batting: RHB Stephen Concepción 0-0: Called Strike
0-1: Foul Ball, location: 2F
0-2: Ball
1-2: Fly out, F7 (Line Drive, 7M)
Batting: RHB Carlos Huerta 0-0: Called Strike
0-1: Swinging Strike
0-2: Ball
1-2: Fly out, F4 (Popup, 4)
Bottom of the 7th over - 0 run(s), 0 hit(s), 0 error(s), 0 left on base; Bishop Amat HS 0 - Masconomet HS 2
TOP OF THE 8TH
Bishop Amat HS batting - Pitching for Masconomet HS Chieftans : LHP Clarence Gill
Batting: RHB Ryan Parrish 0-0: SINGLE (Flyball, 9LS)
Batting: LHB Edmund Stone 0-0: Swinging Strike
0-1: Ball
1-1: Called Strike
1-2: Ball
Balk!
Ryan Parrish to second
2-2: Strikes out swinging
Pitching: RHP Jim Hickman
Batting: RHB Jim Norris 0-0: Ball
1-0: Ball
2-0: Ball
3-0: Base on Balls
Batting: SHB Jimmy Wilson 0-0: Foul Ball, location: 2F
0-1: Foul Ball, location: 2F
0-2: Strikes out looking
Batting: RHB Javier Castillo 0-0: Called Strike
0-1: Ball
1-1: Foul Ball, location: 2F
1-2: Strikes out swinging
Top of the 8th over - 0 run(s), 1 hit(s), 0 error(s), 2 left on base; Bishop Amat HS 0 - Masconomet HS 2
BOTTOM OF THE 8TH
Masconomet HS Chieftans batting - Pitching for Bishop Amat HS : RHP John Rutherford
Pitching: RHP Bruno Poulin
Batting: LHB Aaron Atkins 0-0: Ball
1-0: Ground out 6-3 (Groundball, 6M)
Batting: RHB Brian Jackson 0-0: Ball
1-0: Ball
2-0: Called Strike
2-1: Ball
3-1: Base on Balls
Batting: SHB Tomás Sánchez 0-0: Ball
1-0: Called Strike
Brian Jackson steals 2nd base
1-1: Foul Ball, location: 2F
1-2: Ground out 6-3 (Groundball, 6M)
Brian Jackson to third
Batting: SHB Rod Good 0-0: Ball
1-0: Swinging Strike
1-1: Foul Ball, location: 2F
1-2: Strikes out swinging
Bottom of the 8th over - 0 run(s), 0 hit(s), 0 error(s), 1 left on base; Bishop Amat HS 0 - Masconomet HS 2
TOP OF THE 9TH
Bishop Amat HS batting - Pitching for Masconomet HS Chieftans : RHP Jim Hickman
Pitching: RHP Jesús Ramírez
Batting: SHB Leonardo González 0-0: Ball
1-0: Ball
2-0: Foul Ball, location: 2F
2-1: Ball
3-1: Called Strike
3-2: Base on Balls
Batting: RHB Elwood López 0-0: Ball
1-0: Fly out, F6 (Popup, 6S)
Batting: RHB Will David 0-0: Ball
1-0: Foul Ball, location: 2F
1-1: Grounds into double play, 6-4-3 (Groundball, 6)
Top of the 9th over - 0 run(s), 0 hit(s), 0 error(s), 0 left on base; Bishop Amat HS 0 - Masconomet HS 2
This league is powered by Out of the Park Baseball, the baseball management simulation game for PC, Mac and Linux
Wednesday, December 2nd, 2015 - OOTP Baseball 16.8 Build 38